AoeStats
← Disabled Donk

Enclosed

503882728Analyzed
1v1 RM · 1mo ago on Sep 2, 2026· 65m 30s· 2 players
Game mode
Random Map
Map size
Tiny (2 player)
Population
200
Speed
Normal
Resources
Standard
Victory
Conquest
Starting age
Dark Age
Ending age
Imperial Age
RankedLock teamsTeams togetherTeam positionsShared explorationLock speedFull tech treeHidden civsTurbo modeCheats
Victory
Defeat
🇹🇷 Khmer · Türkiye
562
+17
🇵🇱 Persians · Poland
577
-17
Çağrı Bey
3:22 Loom
13:06 Feudal Age
14:26 Wheelbarrow
13:41 Double-Bit Axe
14:05 Horse Collar
14:20 Town Watch
14:36 Gold Mining
15:15 Stone Mining
17:34 Man-at-Arms
20:04 Arson
25:42 Castle Age
24:29 Scale Barding Armor
24:25 Scale Mail Armor
24:36 Forging
25:22 Padded Archer Armor
25:14 Fletching
26:45 Bow Saw
28:22 Chain Barding Armor
28:47 Gold Shaft Mining
28:20 Pikeman
28:21 Long Swordsman
29:13 Bloodlines
29:22 Husbandry
29:17 Light Cavalry
32:20 Stone Shaft Mining
33:14 Hand Cart
34:01 Town Patrol
35:17 Iron Casting
34:59 Chain Mail Armor
39:41 Imperial Age
39:52 Imperial Age
38:16 Leather Archer Armor
37:57 Bodkin Arrow
39:08 Elite Skirmisher
40:32 Ballistics
40:10 Cavalier
41:31 Conscription
40:49 Two-Handed Swordsman
41:54 Siege Engineers
42:51 Chemistry
42:25 Heavy Plow
42:12 Heavy Scorpion
44:59 Blast Furnace
44:39 Plate Barding Armor
44:47 Halberdier
46:20 Double Crossbow
47:14 Tusk Swords
48:43 Bracer
49:10 Guard Tower
48:43 Elite Ballista Elephant
50:48 Ring Archer Armor
50:50 Elite Battle Elephant
52:56 Keep
52:17 Hussar
53:57 Heavy Cavalry Archer
55:02 Parthian Tactics
57:21 Heated Shot
Disabled Donk
9:13 Feudal Age
10:33 Wheelbarrow
9:46 Double-Bit Axe
9:45 Horse Collar
19:11 Castle Age
17:30 Gold Mining
19:57 Hand Cart
19:54 Bow Saw
19:47 Heavy Plow
20:04 Town Watch
20:06 Loom
23:48 Gold Shaft Mining
23:48 Forging
23:28 Pikeman
26:45 Husbandry
26:55 Bloodlines
27:24 Iron Casting
26:55 Scale Barding Armor
28:48 Stone Mining
29:20 Ballistics
32:54 Chain Barding Armor
32:40 Town Patrol
35:11 Stone Shaft Mining
37:23 Imperial Age
37:15 Cavalier
37:56 Heavy Camel Rider
38:07 Elite War Elephant
39:12 Conscription
38:14 Elite War Elephant
38:19 Halberdier
42:10 Crop Rotation
41:14 Savar
42:34 Plate Barding Armor
43:02 Blast Furnace
42:12 Squires
46:13 Plate Barding Armor
45:39 Scale Mail Armor
46:27 Kamandaran
46:40 Citadels
47:09 Hoardings
47:19 Hoardings
46:50 Murder Holes
48:07 Two-Man Saw
48:06 Chain Mail Armor
47:43 Fletching
47:54 Padded Archer Armor
48:39 Devotion
49:56 Bodkin Arrow
50:33 Plate Mail Armor
50:18 Leather Archer Armor
49:32 Crossbowman
50:18 Thumb Ring
51:24 Chemistry
50:46 Ballistics
Connection lost

Rejoining the realm…

Still unreachable

The connection could not be restored.

Session expired

The server has moved on; the page needs a fresh start.